 Dungeon Crawl Stone Soup version 0.30-a0-996-ga6910c8ee8 (webtiles) character file.

Game seed: 5991386028601164187

5420 Zeldest the Fighter (level 10, -8/76 HPs)
             Began as a Djinni Reaver on Apr 4, 2023.
             Was a Priest of Makhleb.
             Mangled by a yak (12 damage)
             ... on level 9 of the Dungeon.
             The game lasted 00:17:36 (8697 turns).

Zeldest the Fighter (Djinni Reaver)                 Turns: 8697, Time: 00:17:36

Health: -8/76      AC:  4    Str: 17    XL:     10   Next: 99%
Gold:   524        EV: 12    Int: 18    God:    Makhleb [***...] SH:  5 Dex: 13

rFire   + + +      SeeInvis .    g - +5 scimitar of the Fool {spect, rF+ rC+ Stlth+}
rCold   . . .      Faith    .    (no shield)
rNeg    . . .      Spirit   .    m - +1 leather armour {rF+}
rPois   ∞          Reflect  +    (no helmet)
rElec   .          Rampage  .    (no cloak)
rCorr   .                        (no gloves)
Will    +....                    (boots unavailable)
Stlth   ++                       z - amulet of reflection
HPRegen 0.32/turn                b - +6 ring of strength
MPRegen 0.00/turn                (no ring)

@: flying
A: sickness immunity, fire resistance 2, cold vulnerability 1, float, innate
caster, HP casting, extra vitality 1
a: Renounce Religion, Minor Destruction, Lesser Servant of Makhleb


You were on level 9 of the Dungeon.
You worshipped Makhleb.
Makhleb was most pleased with you.
You visited 1 branch of the dungeon, and saw 9 of its levels.

You collected 524 gold pieces.

Inventory:

Hand Weapons
 g - the +5 scimitar of the Fool (weapon) {spect, rF+ rC+ Stlth+}
   (You acquired it on level 7 of the Dungeon)

   rF:        It protects you from fire.
   rC:        It protects you from cold.
   Stlth:     It makes you more stealthy.
Armour
 m - a +1 leather armour of fire resistance (worn)
Magical Staves
 n - a staff of fire
Jewellery
 b - a +6 ring of strength (left hand)
 z - an amulet of reflection (around neck)
Wands
 x - a wand of paralysis (1)
 A - a wand of polymorph (7)
Scrolls
 a - a scroll of enchant weapon
 f - 3 scrolls of teleportation
 j - 4 scrolls of immolation
 o - a scroll of enchant armour {unknown}
 r - a scroll of magic mapping {unknown}
Potions
 c - 3 potions of degeneration {unknown}
 d - 2 potions of mutation {unknown}
 e - 2 potions of brilliance {unknown}
 h - a potion of lignification {unknown}
 i - a potion of cancellation {unknown}
 k - a potion of attraction {unknown}
 l - a potion of berserk rage {unknown}
 p - 2 potions of curing
 q - 2 potions of magic {unknown}
 t - 2 potions of flight {unknown}
 w - a potion of haste {unknown}
 B - 2 potions of experience {unknown}


   Skills:
 + Level 8.1 Fighting
 + Level 5.3 Long Blades
 - Level 5.4 Staves
 - Level 2.6 Dodging
 + Level 6.5 Spellcasting
 + Level 7.2 Invocations


You knew the following spells:

 Your Spells              Type           Power      Damage    Failure   Level
a - Sting                 Tmut/Pois      100%       1d8       1%          1
b - Momentum Strike       Conj/Tloc      58%        3d9       1%          2
c - Hailstorm             Conj/Ice       29%        3d8       2%          3
d - Kiss of Death         Conj/Necr      100%       2d13      1%          1
e - Passwall              Tmut/Erth      24%        N/A       1%          2
f - Call Imp              Summ           29%        N/A       1%          2
g - Teleport Other        Tloc           29%        N/A       2%          3
Your spell library was empty.

Dungeon Overview and Level Annotations

Branches:
Dungeon (9/15) Zot: 26455  Temple (0/1) D:6
   Lair: D:8-11         Orc: D:9-12

Altars:
Ashenzari
Cheibriados
Elyvilon
Fedhas
Hepliaklqana
Makhleb
Trog
Uskayaw
Wu Jian
Xom
The Shining One

Shops:
D:2 [

Annotations:
D:8 4 transporters


Innate Abilities, Weirdness & Mutations

You are immune to sickness and miasma.
You are immune to poison.
Your flesh is very heat resistant. (rF++)
You are vulnerable to cold. (rC-)
You float through the air rather than walking.
You learn spells naturally, not from books.
Your magical power is your life essence.
You have superior vitality. (+4 MHP)


Message History

You barely miss the yak.
The yak is heavily wounded.
Your +5 scimitar of the Fool {spect, rF+ rC+ Stlth+} hits the yak.
The yak gores your +5 scimitar of the Fool {spect, rF+ rC+ Stlth+}.
Your spectral weapon shares its damage with you!
The yak completely misses you. The yak barely misses you.
Found 22 gold pieces.
You barely miss the yak. The yak gores you but does no damage.
You slash the yak!
The yak is moderately wounded.
The yak gores you!
* * * LOW HITPOINT WARNING * * *
You closely miss the yak.
The yak is moderately wounded.
The yak gores you!
* * * LOW HITPOINT WARNING * * *
You hit the yak but do no damage.
The yak is moderately wounded.
The yak closely misses you. The yak gores you.
* * * LOW HITPOINT WARNING * * *
You barely miss the yak.
The yak is moderately wounded.
The yak closely misses you.
You feel better. The yak gores you.
* * * LOW HITPOINT WARNING * * *
Aiming: Paralyse
Press: ? - help, Shift-Dir - straight line, f - yak
Aim: a yak (lightly wounded, chance to affect: 49%)
The yak resists with some effort.
The yak misses you.
Aiming: Paralyse
Press: ? - help, Shift-Dir - straight line, f/p - yak
Aim: a yak (lightly wounded, chance to affect: 49%)
The yak resists with some effort.
The yak gores you!
* * * LOW HITPOINT WARNING * * *
Aiming: Paralyse
Press: ? - help, Shift-Dir - straight line, f/p - yak
Aim: a yak (lightly wounded, chance to affect: 49%)
The yak resists with some effort.
The yak gores you!
You die...

###......# #Y#
.........# #.#
..#......# #.#
.......<.## #.#
...##.##.)######)#######
# ##.#......#.....#
#...............
####...............
#.@YY..............
#...##Y..............
#..# #...............
.>.. #...#...#.).....
$.... #..###.###......
..... ##.. ...# ......
.... #...._...y....#
.... ...#...#.y#####
##.##


You could see 3 yaks.

Vanquished Creatures
  Erolcha (D:9)
  Erica (D:9)
  A two-headed ogre (D:8)
  4 yaks
  Menkaure (D:6)
  A steam dragon (D:9)
  A water moccasin (D:5)
  2 ice beasts
  2 black bears
  2 orc warriors
  2 ogres (D:3)
  3 centaurs
  A kobold brigand (D:8)
  A bullfrog (D:6)
  Blork the orc (D:7)
  3 scorpions
  8 wights
  5 killer bees (D:8)
  4 howler monkeys
  A hound (D:4)
  Crazy Yiuf (D:2)
  2 orc priests
  A gnoll bouda (D:6)
  An iguana (D:5)
  A sleepcap (D:5)
  4 orc wizards
  8 gnolls
  8 adders
  A white imp (D:8)
  2 ufetubi (D:6)
  2 worms (D:3)
  3 dart slugs
  18 orcs
  9 endoplasms
  2 giant cockroaches
  5 goblins
  6 hobgoblins
  2 jackals (D:5)
  13 kobolds
  4 quokkas
  8 ball pythons
  2 bats
  4 frilled lizards
  5 rats
157 creatures vanquished.

Vanquished Creatures (collateral kills)
  A kobold brigand (D:8)
  An iguana (D:4)
  2 orcs
  2 kobolds (D:8)
6 creatures vanquished.

Vanquished Creatures (others)
  2 fungi (D:2)
2 creatures vanquished.

Grand Total: 165 creatures vanquished

Notes
Turn   | Place    | Note
-------+----------+-------------------------------------------
     0 | D:1      | Zeldest the Djinni Reaver began the quest for the Orb.
     0 | D:1      | Zeldest set off with the following spells memorised: Kiss
                  | of Death, Momentum Strike, Hailstorm.
     0 | D:1      | Reached XP level 1. HP: 18/18 MP: 0/0
    92 | D:1      | Reached XP level 2. HP: 10/23 MP: 0/0
   431 | D:1      | Reached XP level 3. HP: 19/29 MP: 0/0
   431 | D:1      | Learned a level 1 spell: Sting
   777 | D:2      | Found Vynerrat's Antique Armour Emporium.
  1565 | D:2      | Found a runed translucent door.
  1566 | D:2      | Noticed Crazy Yiuf
  1572 | D:2      | Killed Crazy Yiuf
  1573 | D:2      | Reached skill level 1 in Staves
  1573 | D:2      | Reached XP level 4. HP: 20/33 MP: 0/0
  1711 | D:3      | Found a faded altar of an unknown god.
  1711 | D:3      | Noticed an ogre
  1721 | D:3      | Killed an ogre
  1722 | D:3      | Reached skill level 3 in Fighting
  1722 | D:3      | Reached XP level 5. HP: 30/40 MP: 0/0
  1722 | D:3      | Learned a level 2 spell: Passwall
  1785 | D:3      | Prayed at the altar of an unknown god.
  1785 | D:3      | Became a worshipper of Makhleb the Destroyer
  1785 | D:3      | Reached * piety under Makhleb
  1908 | D:3      | Noticed an ogre
  2153 | D:3      | Noticed a +0 dagger
  2154 | D:3      | Noticed a +0 hand axe
  2156 | D:3      | Found a hide-covered altar of Uskayaw.
  2233 | D:3      | Found a burning altar of Makhleb.
  2253 | D:3      | Found a broken altar of Ashenzari.
  2313 | D:3      | Reached XP level 6. HP: 46/46 MP: 0/0
  2379 | D:3      | Killed an ogre
  2380 | D:3      | Reached skill level 1 in Invocations
  2871 | D:4      | Reached skill level 4 in Fighting
  3320 | D:4      | Noticed an ice beast
  3435 | D:4      | Reached XP level 7. HP: 52/52 MP: 0/0
  3435 | D:4      | Learned a level 2 spell: Call Imp
  3736 | D:4      | Reached ** piety under Makhleb
  3880 | D:4      | Found a snail-covered altar of Cheibriados.
  3924 | D:5      | Entered Level 5 of the Dungeon
  4127 | D:5      | Noticed a water moccasin
  4145 | D:5      | Killed a water moccasin
  4152 | D:5      | Reached XP level 8. HP: 26/58 MP: 0/0
  4295 | D:5      | Identified the +3 quarterstaff "Ussamm" {freeze, *Corrode
                  | Drain rPois Int+5}
  5049 | D:6      | Noticed Blork the orc
  5286 | D:6      | Reached skill level 5 in Fighting
  5338 | D:6      | Found a staircase to the Ecumenical Temple.
  5658 | D:6      | Noticed Menkaure
  5788 | D:6      | Killed Menkaure
  6149 | D:6      | Reached XP level 9. HP: 66/66 MP: 0/0
  6149 | D:6      | Learned a level 3 spell: Teleport Other
  6264 | D:7      | Reached skill level 6 in Fighting
  6264 | D:7      | Reached skill level 5 in Spellcasting
  6469 | D:7      | Reached skill level 5 in Staves
  6752 | D:7      | Reached skill level 5 in Invocations
  6856 | D:7      | Killed Blork the orc
  6958 | D:7      | Found a glowing golden altar of the Shining One.
  6963 | D:7      | Found the +8 trident of the Octopus King {venom, rElec
                  | rPois}
  7220 | D:8      | Reached *** piety under Makhleb
  7551 | D:7      | Identified a scroll of acquirement
  7551 | D:7      | Acquired the +5 scimitar of the Fool {spect, rF+ rC+
                  | Stlth+}
  7673 | D:8      | Found a transporter.
  7684 | D:8      | Found a transporter.
  7690 | D:8      | Found a transporter.
  7787 | D:8      | Found a transporter.
  7873 | D:8      | Found a hazy altar of Hepliaklqana.
  7873 | D:8      | Found a white marble altar of Elyvilon.
  7879 | D:8      | Noticed a two-headed ogre
  7889 | D:8      | Killed a two-headed ogre
  7890 | D:8      | Reached skill level 7 in Fighting
  7890 | D:8      | Reached XP level 10. HP: 70/75 MP: 0/0
  7936 | D:8      | Found an ornate altar of the Wu Jian Council.
  7941 | D:8      | Found a bloodstained altar of Trog.
  7946 | D:8      | Found a shimmering altar of Xom.
  8123 | D:8      | Found a blossoming altar of Fedhas.
  8176 | D:9      | Noticed Erica
  8486 | D:9      | Killed Erica
  8486 | D:9      | Noticed a two-headed ogre
  8487 | D:9      | Reached skill level 5 in Long Blades
  8662 | D:9      | Noticed Erolcha
  8673 | D:9      | Killed Erolcha
  8674 | D:9      | Reached skill level 8 in Fighting
  8697 | D:9      | Mangled by a yak

Illustrated notes

Levels and vault maps discovered:
D:1:      dpeg_arrival_solitude, layout_basic
D:2:      layout_loops_ring, serial_shops, shop, kennysheep_generic_room_14,
          uniq_crazy_yiuf_cottage
D:3:      layout_basic, lightli_temple_of_fire, dancing_weapons_uskayaw,
          evilmike_ruin_ashenzari, hellmonk_ecumenical_altar_run_dry
D:4:      layout_basic, kennysheep_slug_shrine
D:5:      layout_basic
D:6:      layout_gridville, minmay_temple_entry_glassed_door, uniq_menkaure,
          uniq_blork_the_orc
D:7:      layout_rooms, nicolae_tso_swordbearing_angel
D:8:      layout_rooms, grunt_temple_overflow_growth_and_decay,
          nicolae_overflow_hallway_of_the_gods, nicolae_transporter_intersection
D:9:      layout_rooms, vehumet_crystals, minmay_door_square, uniq_maggie,
          uniq_erolcha, uniq_erica

Skill      XL: |  1  2  3  4  5  6  7  8  9 10 |
---------------+-------------------------------+-----
Long Blades    | 3 4 5 |  5.3
Staves         | 1 2 3 4 5 |  5.4
Fighting       | 3 4 5 7 8 |  8.1
Spellcasting   | 3 4 5 6 |  6.5
Invocations    | 1 2 4 6 7 |  7.2
Dodging        | |  2.6

Action                     |  1- 3 |  4- 6 |  7- 9 | 10-12 || total
---------------------------+-------+-------+-------+-------++-------
  Melee: Falchion          |    57 |       |       |       ||    57
         Quarterstaff      |    60 |    82 |   210 |       ||   352
         Unarmed           |       |       |     1 |       ||     1
         Scimitar          |       |       |    36 |    62 ||    98
         Punch             |       |       |     2 |       ||     2
   Cast: Sting             |     2 |     3 |     1 |     1 ||     7
         Kiss of Death     |     1 |       |       |       ||     1
         Hailstorm         |       |     6 |     8 |       ||    14
         Call Imp          |       |       |    12 |     1 ||    13
         Teleport Other    |       |       |     3 |       ||     3
         Momentum Strike   |       |       |       |     1 ||     1
 Invoke: Minor Destruction |       |       |     1 |       ||     1
  Evoke: Wand              |       |       |     3 |     3 ||     6
    Use: Potion            |       |       |     5 |     1 ||     6
         Scroll            |       |       |    11 |       ||    11
   Stab: Distracted        |       |       |     5 |     1 ||     6
         Paralysed         |       |       |    11 |       ||    11
 Armour: Leather armour    |    26 |    25 |    55 |    11 ||   117
  Dodge: Dodged            |    72 |    74 |   162 |    27 ||   335
  Block: Other             |       |       |    26 |    12 ||    38
         Reflection        |       |       |     2 |     1 ||     3

Table legend: (Time is in decaauts)
 A = Elapsed time spent in this place.
 B = Non-inter-level travel time spent in this place.
 C = Inter-level travel time spent in this place.
 D = Time resting spent in this place.
 E = Time spent auto-exploring this place.
 F = Levels seen in this place.
 G = Mean time per level.
                   A        B        C        D        E       F      G
               +--------+--------+--------+--------+--------+-----+--------+
         Total |   8787 |   8489 |    298 |   3170 |   3626 |   9 |  976.3 |
       Dungeon |   8787 |   8489 |    298 |   3170 |   3626 |   9 |  976.3 |
               +--------+--------+--------+--------+--------+-----+--------+

Top non-repeatable levels by time:
     D:5: 1282 daAuts
     D:6: 1262 daAuts
     D:4: 1164 daAuts
     D:8: 1155 daAuts
     D:2: 1063 daAuts
     D:7: 1022 daAuts
     D:3: 963 daAuts
     D:1: 776 daAuts
     D:9: 96 daAuts
